Kings vs Predators

Created - 29 décembre 2020 at 21:27

Goals
1 2 3 OT1 T
Kings 0 1 1 0 2
Predators 2 0 0 1 3
Shots
1 2 3 OT1 T
Kings 10 12 9 1 32
Predators 8 14 8 1 31

1st period

1. Predators , Kyle Connor 10 (J.T. Compher 5, Evgeny Kuznetsov 18) at 2:42
2. Predators , Mathieu Perreault 3 (Colton Sissons 11, Oscar Klefbom 10) at 12:57

Penalties :
Oliver Ekman-Larsson (NSH) for Slashing (Minor) at 10:29, Roman Josi (NSH) for Holding (Minor) at 13:50

2nd period

3. Kings , Andre Burakovsky 8 (Jesper Fast 12, David Rittich) at 7:18

Penalties :
J.T. Miller (NSH) for Interference (Minor) at 13:40, Jack Johnson (LOS) for Hooking (Minor) at 13:40

3rd period

4. Kings , Marc-Edouard Vlasic 6 (Mikael Backlund 15, Rickard Rakell 16) at 15:58

Penalties :
Anthony Bitetto (LOS) for Hooking (Minor) at 10:54

Overtime #1

5. Predators , Evgeny Kuznetsov 5 (J.T. Miller 15, Roman Josi 16) at 2:43

Penalties :
No Penalty

Goalie Stats

David Rittich (LOS), 28 saves from 31 shots - (0,903), OTL, 12-8-4, 62:44 minutes
Devan Dubnyk (NSH), 30 saves from 32 shots - (0,938), W, 7-12-2, 62:44 minutes

Players Stats for Kings

Player Name              G  A  P  +/- PIM S  H  SB GA TA FO     MP     PP MP  PK MP  
------------------------------------------------------------------------------------
Andre Burakovsky         1  0  1   1  0   4  0  1  0  0  3/6    19:33   1:07   0:45 
Anthony Bitetto          0  0  0   0  2   0  6  0  0  0  0/0    15:15   0:00   0:00 
Conor Sheary             0  0  0   0  0   0  0  0  0  0  0/0     1:25   0:00   0:00 
Corey Perry              0  0  0  -1  0   1  0  0  0  0  0/0     6:13   0:00   0:00 
Jack Johnson             0  0  0  -1  2   1  0  2  0  0  0/0    24:30   1:46   0:58 
Jesper Fast              0  1  1   1  0   1  0  0  0  0  0/2    16:53   1:07   0:00 
John Moore               0  0  0   0  0   0  1  6  0  0  0/0    20:52   2:12   1:01 
Jordan Eberle            0  0  0   1  0   1  0  0  0  0  0/1    20:20   2:51   0:15 
Justin Williams          0  0  0  -1  0   3  1  0  0  0  0/0    14:46   0:00   0:00 
Lucas Wallmark           0  0  0  -1  0   2  1  0  0  0  6/17   15:16   0:00   0:30 
Marc-Edouard Vlasic      1  0  1   0  0   3  0  5  0  0  0/0    25:04   1:46   0:58 
Marco Scandella          0  0  0   0  0   0  2  1  0  0  0/0    20:52   2:12   1:01 
Mikael Backlund          0  1  1  -1  0   3  0  0  0  0  13/32  27:00   2:51   1:14 
Nick Bjugstad            0  0  0  -1  0   0  0  0  0  0  4/7     6:13   0:00   0:00 
Nick Paul                0  0  0   1  0   2  1  0  0  0  8/20   16:53   1:07   0:00 
Rickard Rakell           0  1  1   0  0   7  1  0  0  0  0/0    22:12   2:51   1:14 
Stephen Johns            0  0  0   0  0   1  2  0  0  0  0/0    16:09   0:00   0:00 
Zemgus Girgensons        0  0  0  -1  0   3  1  1  0  0  0/0    14:46   0:00   0:00 

Players Stats for Predators

Player Name              G  A  P  +/- PIM S  H  SB GA TA FO     MP     PP MP  PK MP  
------------------------------------------------------------------------------------
Alexander Kerfoot        0  0  0   0  0   0  0  0  0  0  1/3     2:43   0:00   0:00 
Brendan Smith            0  0  0   1  0   0  1  3  0  0  0/0     5:55   0:00   0:00 
Colton Sissons           0  1  1   1  0   3  0  0  0  0  14/19  17:32   0:00   0:00 
Darren Helm              0  0  0   1  0   0  1  0  0  0  0/1    17:20   0:00   0:00 
Evgeny Kuznetsov         1  1  2   0  0   7  2  0  0  0  8/17   20:49   0:47   1:16 
J.T. Compher             0  1  1  -1  0   3  0  0  0  0  1/1    17:53   0:47   0:00 
J.T. Miller              0  1  1   1  2   6  0  1  0  0  18/31  24:03   1:12   2:42 
Kyle Connor              1  0  1  -1  0   4  0  0  0  0  2/3    17:53   0:47   0:00 
Mathieu Perreault        1  0  1   1  0   3  0  0  0  0  1/1    16:28   0:00   0:00 
Matt Grzelcyk            0  0  0   1  0   0  0  1  0  0  0/0     5:32   0:00   0:29 
Max Pacioretty           0  0  0   0  0   0  1  0  0  0  2/4    19:22   1:12   1:16 
Nikita Zadorov           0  0  0   0  0   0  0  0  0  0  0/0    13:25   0:00   1:50 
Oliver Ekman-Larsson     0  0  0  -2  2   0  4  0  0  0  0/0    22:55   0:47   0:51 
Oscar Klefbom            0  1  1   1  0   1  0  1  0  0  0/0    20:02   1:12   1:39 
Roman Josi               0  1  1  -1  2   1  1  1  0  0  0/0    24:08   0:47   1:28 
Shea Theodore            0  0  0   0  0   0  0  0  0  0  0/0    11:35   0:00   0:00 
Steven Stamkos           0  0  0   0  0   2  0  0  0  0  4/5    24:35   1:12   2:42 
Thomas Chabot            0  0  0   1  0   1  0  3  0  0  0/0    20:02   1:12   1:39 

3 Stars

1 - Evgeny Kuznetsov (NSH)
2 - Mathieu Perreault (NSH)
3 - Devan Dubnyk (NSH)

Power Play

Kings - 0 on 2 Attempt(s) - 0,00%
Predators - 0 on 1 Attempt(s) - 0,00%

Penalty Kill

Kings - 1 on 1 Attempt(s) - 100,00% - Score 0 goal in Penalty Kill
Predators - 2 on 2 Attempt(s) - 100,00% - Score 0 goal in Penalty Kill

Team Stat

Kings - Hits : 16 - Faceoff Wins : 34 - Blocked Shots : 16 - Penalty Minutes : 4
Predators - Hits : 10 - Faceoff Wins : 51 - Blocked Shots : 10 - Penalty Minutes : 6

Official

Referees : Troy Paterson and Mike Duco
Linesman : Ryan Gibbons and Shaun Morgan

Game Notes

No Game Note

Finance

Level 1 -- Attendance: 4220 (64,92%) -- Ticket Income 633 000 $
Level 2 -- Attendance: 2970 (59,40%) -- Ticket Income 371 250 $
Level 3 -- Attendance: 1844 (52,69%) -- Ticket Income 184 400 $
Level 4 -- Attendance: 1113 (100,00%) -- Ticket Income 83 475 $
Luxury Box -- Attendance: 656 (65,60%) -- Ticket Income 196 800 $
Game was played at the Bridgestone Arena.
Total Attendance: 10803 (63,13%)
Total Ticket Income: 1 468 925 $
Other Income: 719 773 $
Total Income: 2 188 698 $

% Time on Ice - Kings

Lines # - Real PCT - Wanted PCT - Time Play
Normal Forward
1 - 29% - 40% - 15:19
2 - 30% - 30% - 15:46
3 - 28% - 20% - 14:46
4 - 12% - 10% - 6:13
Normal Defense
1 - 35% - 40% - 18:24
2 - 32% - 30% - 16:33
3 - 29% - 20% - 15:16
4 - 4% - 10% - 1:51
PP Forward
1 - 72% - 60% - 2:51
2 - 28% - 40% - 1:07
PP Defense
1 - 45% - 60% - 1:46
2 - 55% - 40% - 2:12
PK Forward
1 - 87% - 60% - 1:44
2 - 13% - 40% - 0:15
PK Defense
1 - 49% - 60% - 0:58
2 - 51% - 40% - 1:01
PK3 Forward
1 - 0% - 60%
2 - 0% - 40%
PK3 Defense
1 - 0% - 60%
2 - 0% - 40%
44 Forward
1 - 64% - 60% - 1:16
2 - 36% - 40% - 0:43
44 Defense
1 - 45% - 60% - 0:53
2 - 55% - 40% - 1:06
Last Minute Offensive  - 0:00
Last Minute Defensive  - 0:00
Total
Forward - 60:00
Defense - 60:00

% Time on Ice - Predators

Lines # - Real PCT - Wanted PCT - Time Play
Normal Forward
1 - 30% - 40% - 15:50
2 - 33% - 30% - 17:06
3 - 32% - 20% - 16:28
4 - 5% - 10% - 2:40
Normal Defense
1 - 37% - 40% - 19:07
2 - 31% - 30% - 16:19
3 - 22% - 20% - 11:35
4 - 10% - 10% - 5:03
PP Forward
1 - 61% - 60% - 1:12
2 - 39% - 40% - 0:47
PP Defense
1 - 39% - 60% - 0:47
2 - 61% - 40% - 1:12
PK Forward
1 - 68% - 60% - 2:42
2 - 32% - 40% - 1:16
PK Defense
1 - 58% - 60% - 2:19
2 - 42% - 40% - 1:39
PK3 Forward
1 - 0% - 60%
2 - 0% - 40%
PK3 Defense
1 - 0% - 60%
2 - 0% - 40%
44 Forward
1 - 100% - 60% - 1:59
2 - 0% - 40% - 0:00
44 Defense
1 - 56% - 60% - 1:07
2 - 44% - 40% - 0:52
Last Minute Offensive  - 0:00
Last Minute Defensive  - 0:00
Total
Forward - 60:00
Defense - 60:00

Play-by-Play

1st period


0:01 of 1st period - J.T. Miller wins face-off versus Mikael Backlund in neutral zone.
0:11 of 1st period - Shot by Rickard Rakell.
0:11 of 1st period - Stopped by Devan Dubnyk with a rebound.
0:13 of 1st period - Shot by Marc-Edouard Vlasic.
0:13 of 1st period - Shot Blocked by Roman Josi.
0:15 of 1st period - Shot by Mikael Backlund.
0:15 of 1st period - Shot Misses the Net.
0:17 of 1st period - Shot by Marc-Edouard Vlasic.
0:17 of 1st period - Stopped by Devan Dubnyk without a rebound.
0:18 of 1st period - Andre Burakovsky wins face-off versus Evgeny Kuznetsov in Predators zone.
1:30 of 1st period - Shot by Nikita Zadorov.
1:30 of 1st period - Shot Misses the Net.
1:32 of 1st period - Shot by Colton Sissons.
1:32 of 1st period - Deflect By Mathieu Perreault.
1:32 of 1st period - Stopped by David Rittich with a rebound.
2:21 of 1st period - Shot by Rickard Rakell.
2:21 of 1st period - Stopped by Devan Dubnyk without a rebound.
2:22 of 1st period - Evgeny Kuznetsov wins face-off versus Nick Bjugstad in Predators zone.
2:36 of 1st period - Shot by J.T. Compher.
2:36 of 1st period - Shot Misses the Net.
2:42 of 1st period - Shot by Kyle Connor.
2:42 of 1st period - Goal by Kyle Connor - Kings : 0 - Predators : 1.
2:43 of 1st period - Nick Paul wins face-off versus Alexander Kerfoot in neutral zone.
4:26 of 1st period - Shot by Evgeny Kuznetsov.
4:26 of 1st period - Stopped by David Rittich without a rebound.
4:27 of 1st period - Lucas Wallmark wins face-off versus Evgeny Kuznetsov in Kings zone.
4:35 of 1st period - Shot by Lucas Wallmark.
4:35 of 1st period - Shot Blocked by Matt Grzelcyk.
4:37 of 1st period - Shot by Stephen Johns.
4:37 of 1st period - Shot Misses the Net.
4:39 of 1st period - Shot by Zemgus Girgensons.
4:39 of 1st period - Stopped by Devan Dubnyk with a rebound.
4:41 of 1st period - Shot by Stephen Johns.
4:41 of 1st period - Shot Blocked by Brendan Smith.
4:51 of 1st period - Shot by Justin Williams.
4:51 of 1st period - Shot Misses the Net.
4:53 of 1st period - Shot by Lucas Wallmark.
4:53 of 1st period - Stopped by Devan Dubnyk without a rebound.
4:54 of 1st period - J.T. Miller wins face-off versus Nick Bjugstad in Predators zone.
4:59 of 1st period - Shot by Steven Stamkos.
4:59 of 1st period - Shot Misses the Net.
5:01 of 1st period - Shot by Max Pacioretty.
5:01 of 1st period - Shot Blocked by Marc-Edouard Vlasic.
5:05 of 1st period - Shot by Steven Stamkos.
5:05 of 1st period - Shot Blocked by Marc-Edouard Vlasic.
5:11 of 1st period - Shot by Max Pacioretty.
5:11 of 1st period - Shot Blocked by Jack Johnson.
5:25 of 1st period - Shot by Steven Stamkos.
5:25 of 1st period - Shot Hit the Post.
5:55 of 1st period - Icing by Darren Helm.
5:56 of 1st period - Colton Sissons wins face-off versus Nick Paul in Predators zone.
7:21 of 1st period - Shot by Zemgus Girgensons.
7:21 of 1st period - Stopped by Devan Dubnyk with a rebound.
7:31 of 1st period - Shot by Justin Williams.
7:31 of 1st period - Shot Misses the Net.
7:33 of 1st period - Shot by Zemgus Girgensons.
7:33 of 1st period - Shot Misses the Net.
7:35 of 1st period - Shot by Zemgus Girgensons.
7:35 of 1st period - Shot Misses the Net.
7:59 of 1st period - Shot by Jordan Eberle.
7:59 of 1st period - Deflect By Mikael Backlund.
7:59 of 1st period - Shot Misses the Net.
8:01 of 1st period - Shot by Marc-Edouard Vlasic.
8:01 of 1st period - Shot Blocked by Brendan Smith.
8:03 of 1st period - Shot by Mikael Backlund.
8:03 of 1st period - Shot Blocked by Brendan Smith.
8:40 of 1st period - Nick Bjugstad is hit by Oliver Ekman-Larsson.
8:44 of 1st period - Shot by Corey Perry.
8:44 of 1st period - Shot Misses the Net.
9:30 of 1st period - Shot by J.T. Miller.
9:30 of 1st period - Shot Blocked by John Moore.
9:32 of 1st period - Shot by Nikita Zadorov.
9:32 of 1st period - Shot Blocked by Marco Scandella.
9:34 of 1st period - Shot by Nikita Zadorov.
9:34 of 1st period - Shot Blocked by John Moore.
10:08 of 1st period - Off-side.
10:09 of 1st period - Mikael Backlund wins face-off versus Colton Sissons in neutral zone.
10:11 of 1st period - Rickard Rakell is hit by Brendan Smith and loses puck.
10:21 of 1st period - Icing by Jack Johnson.
10:22 of 1st period - Evgeny Kuznetsov wins face-off versus Mikael Backlund in Kings zone.
10:28 of 1st period - Rickard Rakell is hit by Evgeny Kuznetsov.
10:29 of 1st period - Minor Penalty to Oliver Ekman-Larsson for Slashing.
10:30 of 1st period - Nick Paul wins face-off versus J.T. Miller in Predators zone.
10:31 of 1st period - Shot by Marc-Edouard Vlasic.
10:31 of 1st period - Stopped by Devan Dubnyk without a rebound.
10:32 of 1st period - Mikael Backlund wins face-off versus J.T. Miller in Predators zone.
10:44 of 1st period - Shot by Jordan Eberle.
10:44 of 1st period - Shot Misses the Net.
10:46 of 1st period - Shot by Jack Johnson.
10:46 of 1st period - Stopped by Devan Dubnyk without a rebound.
10:47 of 1st period - J.T. Miller wins face-off versus Nick Paul in Predators zone.
11:03 of 1st period - Off-side.
11:04 of 1st period - Mikael Backlund wins face-off versus Steven Stamkos in neutral zone.
11:16 of 1st period - Icing by Rickard Rakell.
11:17 of 1st period - J.T. Miller wins face-off versus Mikael Backlund in Kings zone.
11:44 of 1st period - Shot by J.T. Miller.
11:44 of 1st period - Stopped by David Rittich with a rebound.
11:56 of 1st period - Icing by Rickard Rakell.
11:57 of 1st period - Mikael Backlund wins face-off versus Evgeny Kuznetsov in Kings zone.
12:57 of 1st period - Shot by Colton Sissons.
12:57 of 1st period - Deflect By Mathieu Perreault.
12:57 of 1st period - Goal by Mathieu Perreault - Kings : 0 - Predators : 2.
12:58 of 1st period - Kyle Connor wins face-off versus Nick Paul in neutral zone.
13:07 of 1st period - Shot by Evgeny Kuznetsov.
13:07 of 1st period - Shot Misses the Net.
13:15 of 1st period - Shot by Nick Paul.
13:15 of 1st period - Stopped by Devan Dubnyk with a rebound.
13:48 of 1st period - Icing by J.T. Compher.
13:49 of 1st period - Lucas Wallmark wins face-off versus Evgeny Kuznetsov in Predators zone.
13:49 of 1st period - Lucas Wallmark is hit by Oliver Ekman-Larsson.
13:50 of 1st period - Minor Penalty to Roman Josi for Holding.
13:51 of 1st period - J.T. Miller wins face-off versus Mikael Backlund in Predators zone.
14:24 of 1st period - Icing by Marc-Edouard Vlasic.
14:25 of 1st period - Mikael Backlund wins face-off versus J.T. Miller in Kings zone.
14:59 of 1st period - Shot by John Moore.
14:59 of 1st period - Shot Misses the Net.
15:21 of 1st period - Shot by Nick Paul.
15:21 of 1st period - Stopped by Devan Dubnyk without a rebound.
15:22 of 1st period - J.T. Miller wins face-off versus Mikael Backlund in Predators zone.
15:39 of 1st period - Off-side.
15:40 of 1st period - Max Pacioretty wins face-off versus Nick Paul in neutral zone.
15:48 of 1st period - Off-side.
15:49 of 1st period - J.T. Miller wins face-off versus Nick Paul in neutral zone.
16:00 of 1st period - Shot by Colton Sissons.
16:00 of 1st period - Stopped by David Rittich with a rebound.
16:09 of 1st period - Icing by Stephen Johns.
16:10 of 1st period - Evgeny Kuznetsov wins face-off versus Lucas Wallmark in Kings zone.
17:38 of 1st period - Off-side.
17:39 of 1st period - J.T. Miller wins face-off versus Andre Burakovsky in neutral zone.
17:50 of 1st period - Shot by J.T. Miller.
17:50 of 1st period - Shot Misses the Net.
17:52 of 1st period - Shot by J.T. Miller.
17:52 of 1st period - Stopped by David Rittich without a rebound.
17:53 of 1st period - Colton Sissons wins face-off versus Lucas Wallmark in Kings zone.
18:00 of 1st period - Shot by Mathieu Perreault.
18:00 of 1st period - Shot Misses the Net.
18:02 of 1st period - Shot by Mathieu Perreault.
18:02 of 1st period - Stopped by David Rittich without a rebound.
18:03 of 1st period - J.T. Miller wins face-off versus Nick Paul in Kings zone.
18:20 of 1st period - Shot by J.T. Miller.
18:20 of 1st period - Shot Blocked by John Moore.
19:54 of 1st period - Rickard Rakell is hit by Oliver Ekman-Larsson and loses puck.
Goals for this period are 0 for Kings vs 2 for Predators.
Shots for this period are 10 for Kings vs 8 for Predators.

2nd period


0:01 of 2nd period - Max Pacioretty wins face-off versus Mikael Backlund in neutral zone.
1:04 of 2nd period - Icing by John Moore.
1:05 of 2nd period - Colton Sissons wins face-off versus Nick Paul in Kings zone.
2:08 of 2nd period - Shot by Justin Williams.
2:08 of 2nd period - Stopped by Devan Dubnyk without a rebound.
2:09 of 2nd period - Nick Bjugstad wins face-off versus Max Pacioretty in Predators zone.
2:38 of 2nd period - Shot by Corey Perry.
2:38 of 2nd period - Stopped by Devan Dubnyk without a rebound.
2:39 of 2nd period - Evgeny Kuznetsov wins face-off versus Lucas Wallmark in Predators zone.
2:43 of 2nd period - Thomas Chabot is hit by Stephen Johns.
2:51 of 2nd period - Shot by Lucas Wallmark.
2:51 of 2nd period - Shot Misses the Net.
2:53 of 2nd period - Shot by Justin Williams.
2:53 of 2nd period - Stopped by Devan Dubnyk with a rebound.
3:13 of 2nd period - Shot by Justin Williams.
3:13 of 2nd period - Stopped by Devan Dubnyk without a rebound.
3:14 of 2nd period - Nick Paul wins face-off versus J.T. Miller in Predators zone.
3:15 of 2nd period - Shot by Jesper Fast.
3:15 of 2nd period - Stopped by Devan Dubnyk with a rebound.
3:25 of 2nd period - Shot by J.T. Miller.
3:25 of 2nd period - Stopped by David Rittich with a rebound.
4:19 of 2nd period - Shot by Colton Sissons.
4:19 of 2nd period - Stopped by David Rittich without a rebound.
4:20 of 2nd period - Evgeny Kuznetsov wins face-off versus Lucas Wallmark in Kings zone.
5:22 of 2nd period - Jordan Eberle is hit by Darren Helm and loses puck.
5:39 of 2nd period - Shot by Mathieu Perreault.
5:39 of 2nd period - Shot Blocked by Marc-Edouard Vlasic.
5:41 of 2nd period - Shot by Oscar Klefbom.
5:41 of 2nd period - Stopped by David Rittich without a rebound.
5:42 of 2nd period - Steven Stamkos wins face-off versus Nick Paul in Kings zone.
5:57 of 2nd period - Shot by Max Pacioretty.
5:57 of 2nd period - Deflect By Steven Stamkos.
5:57 of 2nd period - Stopped by David Rittich without a rebound.
5:58 of 2nd period - Alexander Kerfoot wins face-off versus Nick Bjugstad in Kings zone.
7:18 of 2nd period - Shot by Andre Burakovsky.
7:18 of 2nd period - Goal by Andre Burakovsky - Kings : 1 - Predators : 2.
7:19 of 2nd period - Colton Sissons wins face-off versus Lucas Wallmark in neutral zone.
7:44 of 2nd period - Shot by Zemgus Girgensons.
7:44 of 2nd period - Stopped by Devan Dubnyk without a rebound.
7:45 of 2nd period - Evgeny Kuznetsov wins face-off versus Nick Paul in Predators zone.
8:10 of 2nd period - Shot by J.T. Compher.
8:10 of 2nd period - Shot Misses the Net.
8:12 of 2nd period - Shot by Oliver Ekman-Larsson.
8:12 of 2nd period - Shot Blocked by Marc-Edouard Vlasic.
8:14 of 2nd period - Shot by Evgeny Kuznetsov.
8:14 of 2nd period - Stopped by David Rittich without a rebound.
8:15 of 2nd period - Colton Sissons wins face-off versus Mikael Backlund in Kings zone.
8:16 of 2nd period - Shot by Mathieu Perreault.
8:16 of 2nd period - Shot Blocked by John Moore.
8:28 of 2nd period - Icing by Colton Sissons.
8:29 of 2nd period - Colton Sissons wins face-off versus Lucas Wallmark in Predators zone.
9:31 of 2nd period - Shot by Steven Stamkos.
9:31 of 2nd period - Deflect By J.T. Miller.
9:31 of 2nd period - Stopped by David Rittich without a rebound.
9:32 of 2nd period - J.T. Compher wins face-off versus Nick Paul in Kings zone.
9:48 of 2nd period - Kyle Connor is hit by Marco Scandella and loses puck.
9:59 of 2nd period - Shot by Evgeny Kuznetsov.
9:59 of 2nd period - Deflect By Kyle Connor.
9:59 of 2nd period - Shot Misses the Net.
10:01 of 2nd period - Shot by Thomas Chabot.
10:01 of 2nd period - Shot Misses the Net.
10:03 of 2nd period - Shot by J.T. Compher.
10:03 of 2nd period - Stopped by David Rittich with a rebound.
10:11 of 2nd period - Shot by Kyle Connor.
10:11 of 2nd period - Stopped by David Rittich without a rebound.
10:12 of 2nd period - J.T. Miller wins face-off versus Mikael Backlund in Kings zone.
10:31 of 2nd period - Shot by Roman Josi.
10:31 of 2nd period - Stopped by David Rittich without a rebound.
10:32 of 2nd period - Colton Sissons wins face-off versus Lucas Wallmark in Kings zone.
10:32 of 2nd period - Darren Helm is hit by Anthony Bitetto and loses puck.
10:36 of 2nd period - Icing by Anthony Bitetto.
10:37 of 2nd period - J.T. Miller wins face-off versus Lucas Wallmark in Kings zone.
10:40 of 2nd period - Shot by J.T. Miller.
10:40 of 2nd period - Stopped by David Rittich without a rebound.
10:41 of 2nd period - Mikael Backlund wins face-off versus J.T. Miller in Kings zone.
10:58 of 2nd period - Off-side.
10:59 of 2nd period - Nick Paul wins face-off versus Kyle Connor in neutral zone.
11:16 of 2nd period - Shot by Kyle Connor.
11:16 of 2nd period - Deflect By Evgeny Kuznetsov.
11:16 of 2nd period - Stopped by David Rittich with a rebound.
11:22 of 2nd period - Shot by Kyle Connor.
11:22 of 2nd period - Shot Misses the Net.
11:24 of 2nd period - Shot by J.T. Compher.
11:24 of 2nd period - Stopped by David Rittich without a rebound.
11:25 of 2nd period - J.T. Miller wins face-off versus Mikael Backlund in Kings zone.
11:30 of 2nd period - Shot by Roman Josi.
11:30 of 2nd period - Shot Blocked by Jack Johnson.
11:41 of 2nd period - Rickard Rakell is hit by Oliver Ekman-Larsson and loses puck.
11:46 of 2nd period - Shot by Mikael Backlund.
11:46 of 2nd period - Stopped by Devan Dubnyk without a rebound.
11:47 of 2nd period - Lucas Wallmark wins face-off versus Evgeny Kuznetsov in Predators zone.
11:56 of 2nd period - Shot by Justin Williams.
11:56 of 2nd period - Shot Blocked by Thomas Chabot.
11:58 of 2nd period - Shot by Lucas Wallmark.
11:58 of 2nd period - Shot Misses the Net.
12:00 of 2nd period - Shot by Justin Williams.
12:00 of 2nd period - Shot Misses the Net.
12:56 of 2nd period - Shot by J.T. Miller.
12:56 of 2nd period - Stopped by David Rittich without a rebound.
12:57 of 2nd period - J.T. Miller wins face-off versus Jesper Fast in Kings zone.
13:11 of 2nd period - Shot by Andre Burakovsky.
13:11 of 2nd period - Stopped by Devan Dubnyk without a rebound.
13:12 of 2nd period - Colton Sissons wins face-off versus Mikael Backlund in Predators zone.
13:28 of 2nd period - Icing by Marc-Edouard Vlasic.
13:29 of 2nd period - Mikael Backlund wins face-off versus J.T. Miller in Kings zone.
13:29 of 2nd period - Mikael Backlund is hit by Max Pacioretty.
13:40 of 2nd period - Minor Penalty to J.T. Miller for Interference.
13:40 of 2nd period - Minor Penalty to Jack Johnson for Hooking.
13:41 of 2nd period - Colton Sissons wins face-off versus Mikael Backlund in Kings zone.
14:05 of 2nd period - Steven Stamkos is hit by John Moore and loses puck.
14:39 of 2nd period - Shot by Jordan Eberle.
14:39 of 2nd period - Stopped by Devan Dubnyk without a rebound.
14:40 of 2nd period - Mikael Backlund wins face-off versus Darren Helm in Predators zone.
14:43 of 2nd period - Shot by Rickard Rakell.
14:43 of 2nd period - Stopped by Devan Dubnyk with a rebound.
15:26 of 2nd period - Icing by Marco Scandella.
15:27 of 2nd period - Colton Sissons wins face-off versus Jordan Eberle in Kings zone.
16:20 of 2nd period - Shot by Kyle Connor.
16:20 of 2nd period - Stopped by David Rittich without a rebound.
16:21 of 2nd period - Nick Paul wins face-off versus J.T. Miller in Kings zone.
17:20 of 2nd period - Shot by Mathieu Perreault.
17:20 of 2nd period - Shot Misses the Net.
17:36 of 2nd period - Shot by Mikael Backlund.
17:36 of 2nd period - Stopped by Devan Dubnyk with a rebound.
17:38 of 2nd period - Shot by Mikael Backlund.
17:38 of 2nd period - Shot Misses the Net.
18:04 of 2nd period - Shot by Zemgus Girgensons.
18:04 of 2nd period - Shot Misses the Net.
18:06 of 2nd period - Shot by Marc-Edouard Vlasic.
18:06 of 2nd period - Shot Blocked by Oscar Klefbom.
19:31 of 2nd period - Evgeny Kuznetsov is hit by Anthony Bitetto and loses puck.
19:49 of 2nd period - Steven Stamkos is hit by Stephen Johns and loses puck.
Goals for this period are 1 for Kings vs 0 for Predators.
Shots for this period are 12 for Kings vs 14 for Predators.

3rd period


0:01 of 3rd period - Steven Stamkos wins face-off versus Mikael Backlund in neutral zone.
0:39 of 3rd period - Shot by Mikael Backlund.
0:39 of 3rd period - Shot Blocked by J.T. Miller.
0:57 of 3rd period - Shot by Andre Burakovsky.
0:57 of 3rd period - Stopped by Devan Dubnyk without a rebound.
0:58 of 3rd period - Lucas Wallmark wins face-off versus Evgeny Kuznetsov in Predators zone.
1:15 of 3rd period - Shot by Justin Williams.
1:15 of 3rd period - Shot Misses the Net.
1:30 of 3rd period - Kyle Connor is hit by Anthony Bitetto and loses puck.
1:35 of 3rd period - Shot by Evgeny Kuznetsov.
1:35 of 3rd period - Stopped by David Rittich with a rebound.
1:37 of 3rd period - Shot by J.T. Compher.
1:37 of 3rd period - Shot Blocked by Zemgus Girgensons.
1:39 of 3rd period - Shot by J.T. Compher.
1:39 of 3rd period - Stopped by David Rittich with a rebound.
2:25 of 3rd period - Shot by Andre Burakovsky.
2:25 of 3rd period - Shot Blocked by Thomas Chabot.
2:27 of 3rd period - Shot by Andre Burakovsky.
2:27 of 3rd period - Stopped by Devan Dubnyk with a rebound.
2:29 of 3rd period - Shot by Nick Paul.
2:29 of 3rd period - Shot Misses the Net.
2:41 of 3rd period - Shot by Nick Paul.
2:41 of 3rd period - Shot Misses the Net.
2:57 of 3rd period - Shot by Rickard Rakell.
2:57 of 3rd period - Stopped by Devan Dubnyk without a rebound.
2:58 of 3rd period - Mikael Backlund wins face-off versus Max Pacioretty in Predators zone.
3:31 of 3rd period - Shot by Mikael Backlund.
3:31 of 3rd period - Shot Misses the Net.
3:59 of 3rd period - Shot by Kyle Connor.
3:59 of 3rd period - Shot Blocked by Marc-Edouard Vlasic.
4:01 of 3rd period - Shot by J.T. Compher.
4:01 of 3rd period - Shot Misses the Net.
4:27 of 3rd period - Shot by Kyle Connor.
4:27 of 3rd period - Deflect By Evgeny Kuznetsov.
4:27 of 3rd period - Stopped by David Rittich without a rebound.
4:28 of 3rd period - Nick Paul wins face-off versus Alexander Kerfoot in Kings zone.
4:33 of 3rd period - J.T. Miller is hit by Nick Paul and loses puck.
4:38 of 3rd period - Shot by Nick Paul.
4:38 of 3rd period - Shot Misses the Net.
4:40 of 3rd period - Shot by Stephen Johns.
4:40 of 3rd period - Stopped by Devan Dubnyk without a rebound.
4:41 of 3rd period - Colton Sissons wins face-off versus Mikael Backlund in Predators zone.
4:41 of 3rd period - Colton Sissons is hit by Rickard Rakell.
5:13 of 3rd period - Shot by Rickard Rakell.
5:13 of 3rd period - Shot Blocked by Thomas Chabot.
5:15 of 3rd period - Shot by Rickard Rakell.
5:15 of 3rd period - Stopped by Devan Dubnyk without a rebound.
5:16 of 3rd period - Evgeny Kuznetsov wins face-off versus Nick Paul in Predators zone.
5:26 of 3rd period - Evgeny Kuznetsov is hit by Anthony Bitetto and loses puck.
5:30 of 3rd period - Icing by Stephen Johns.
5:31 of 3rd period - J.T. Miller wins face-off versus Nick Paul in Kings zone.
6:12 of 3rd period - Shot by Steven Stamkos.
6:12 of 3rd period - Stopped by David Rittich without a rebound.
6:13 of 3rd period - Evgeny Kuznetsov wins face-off versus Mikael Backlund in Kings zone.
6:32 of 3rd period - Shot by Mikael Backlund.
6:32 of 3rd period - Stopped by Devan Dubnyk without a rebound.
6:33 of 3rd period - Colton Sissons wins face-off versus Lucas Wallmark in Predators zone.
6:33 of 3rd period - Colton Sissons is hit by Lucas Wallmark.
8:25 of 3rd period - Shot by Oscar Klefbom.
8:25 of 3rd period - Shot Misses the Net.
8:56 of 3rd period - Shot by Kyle Connor.
8:56 of 3rd period - Stopped by David Rittich without a rebound.
8:57 of 3rd period - Nick Bjugstad wins face-off versus Colton Sissons in Kings zone.
8:59 of 3rd period - Icing by Mikael Backlund.
9:00 of 3rd period - Nick Bjugstad wins face-off versus Colton Sissons in Kings zone.
9:57 of 3rd period - J.T. Compher is hit by Justin Williams and loses puck.
10:12 of 3rd period - Shot by Justin Williams.
10:12 of 3rd period - Shot Misses the Net.
10:31 of 3rd period - J.T. Compher is hit by Anthony Bitetto and loses puck.
10:52 of 3rd period - Thomas Chabot is hit by Anthony Bitetto and loses puck.
10:54 of 3rd period - Minor Penalty to Anthony Bitetto for Hooking.
10:55 of 3rd period - J.T. Miller wins face-off versus Mikael Backlund in Kings zone.
10:56 of 3rd period - Shot by Thomas Chabot.
10:56 of 3rd period - Stopped by David Rittich without a rebound.
10:57 of 3rd period - Mikael Backlund wins face-off versus J.T. Miller in Kings zone.
11:58 of 3rd period - Shot by Evgeny Kuznetsov.
11:58 of 3rd period - Shot Misses the Net.
12:01 of 3rd period - J.T. Compher is hit by Marco Scandella.
12:27 of 3rd period - Shot by J.T. Compher.
12:27 of 3rd period - Shot Misses the Net.
12:51 of 3rd period - Shot by Thomas Chabot.
12:51 of 3rd period - Shot Misses the Net.
12:58 of 3rd period - Icing by Colton Sissons.
12:59 of 3rd period - Colton Sissons wins face-off versus Lucas Wallmark in Predators zone.
12:59 of 3rd period - Colton Sissons is hit by Zemgus Girgensons.
13:12 of 3rd period - Off-side.
13:13 of 3rd period - Nick Paul wins face-off versus Colton Sissons in neutral zone.
13:27 of 3rd period - Icing by Darren Helm.
13:28 of 3rd period - Nick Bjugstad wins face-off versus Colton Sissons in Predators zone.
13:39 of 3rd period - Shot by Matt Grzelcyk.
13:39 of 3rd period - Shot Misses the Net.
13:41 of 3rd period - Shot by Matt Grzelcyk.
13:41 of 3rd period - Shot Hit the Post.
13:43 of 3rd period - Shot by Mathieu Perreault.
13:43 of 3rd period - Shot Misses the Net.
13:45 of 3rd period - Shot by Colton Sissons.
13:45 of 3rd period - Stopped by David Rittich without a rebound.
13:46 of 3rd period - Lucas Wallmark wins face-off versus J.T. Miller in Kings zone.
14:14 of 3rd period - Shot by Lucas Wallmark.
14:14 of 3rd period - Stopped by Devan Dubnyk without a rebound.
14:15 of 3rd period - Nick Paul wins face-off versus Evgeny Kuznetsov in Predators zone.
14:34 of 3rd period - Shot by Evgeny Kuznetsov.
14:34 of 3rd period - Stopped by David Rittich without a rebound.
14:35 of 3rd period - Mathieu Perreault wins face-off versus Mikael Backlund in Kings zone.
14:50 of 3rd period - Shot by Rickard Rakell.
14:50 of 3rd period - Shot Misses the Net.
15:00 of 3rd period - Shot by Rickard Rakell.
15:00 of 3rd period - Stopped by Devan Dubnyk without a rebound.
15:01 of 3rd period - J.T. Miller wins face-off versus Andre Burakovsky in Predators zone.
15:21 of 3rd period - Icing by Oscar Klefbom.
15:22 of 3rd period - Mikael Backlund wins face-off versus J.T. Miller in Predators zone.
15:46 of 3rd period - Icing by Marc-Edouard Vlasic.
15:47 of 3rd period - Mikael Backlund wins face-off versus Evgeny Kuznetsov in Kings zone.
15:54 of 3rd period - Shot by Mikael Backlund.
15:54 of 3rd period - Shot Hit the Post.
15:56 of 3rd period - Shot by Mikael Backlund.
15:56 of 3rd period - Shot Misses the Net.
15:58 of 3rd period - Shot by Marc-Edouard Vlasic.
15:58 of 3rd period - Goal by Marc-Edouard Vlasic - Kings : 2 - Predators : 2.
15:59 of 3rd period - Colton Sissons wins face-off versus Jesper Fast in neutral zone.
16:21 of 3rd period - Shot by Darren Helm.
16:21 of 3rd period - Deflect By Mathieu Perreault.
16:21 of 3rd period - Shot Blocked by John Moore.
17:05 of 3rd period - Shot by Oliver Ekman-Larsson.
17:05 of 3rd period - Shot Misses the Net.
18:04 of 3rd period - Icing by Zemgus Girgensons.
18:05 of 3rd period - Lucas Wallmark wins face-off versus Evgeny Kuznetsov in Kings zone.
18:05 of 3rd period - Lucas Wallmark is hit by Evgeny Kuznetsov.
18:13 of 3rd period - Icing by Stephen Johns.
18:14 of 3rd period - Kyle Connor wins face-off versus Lucas Wallmark in Kings zone.
18:57 of 3rd period - Shot by Oscar Klefbom.
18:57 of 3rd period - Shot Blocked by John Moore.
19:40 of 3rd period - Shot by Colton Sissons.
19:40 of 3rd period - Shot Misses the Net.
Goals for this period are 1 for Kings vs 0 for Predators.
Shots for this period are 9 for Kings vs 8 for Predators.

Overtime #1


0:01 of 1st overtime period - Mikael Backlund wins face-off versus J.T. Miller in neutral zone.
0:37 of 1st overtime period - Shot by Mikael Backlund.
0:37 of 1st overtime period - Shot Misses the Net.
0:39 of 1st overtime period - Shot by Rickard Rakell.
0:39 of 1st overtime period - Stopped by Devan Dubnyk with a rebound.
0:50 of 1st overtime period - Icing by Roman Josi.
0:51 of 1st overtime period - Andre Burakovsky wins face-off versus J.T. Miller in Predators zone.
0:51 of 1st overtime period - Jordan Eberle is hit by Roman Josi and loses puck.
0:59 of 1st overtime period - Icing by Roman Josi.
1:00 of 1st overtime period - J.T. Miller wins face-off versus Mikael Backlund in Predators zone.
1:12 of 1st overtime period - Icing by Mikael Backlund.
1:13 of 1st overtime period - Steven Stamkos wins face-off versus Mikael Backlund in Kings zone.
1:37 of 1st overtime period - Icing by Steven Stamkos.
1:38 of 1st overtime period - Steven Stamkos wins face-off versus Andre Burakovsky in Predators zone.
1:51 of 1st overtime period - Shot by Oliver Ekman-Larsson.
1:51 of 1st overtime period - Shot Blocked by Andre Burakovsky.
2:14 of 1st overtime period - Icing by Andre Burakovsky.
2:15 of 1st overtime period - Andre Burakovsky wins face-off versus J.T. Miller in Kings zone.
2:33 of 1st overtime period - Icing by Evgeny Kuznetsov.
2:34 of 1st overtime period - J.T. Miller wins face-off versus Mikael Backlund in Predators zone.
2:43 of 1st overtime period - Shot by Evgeny Kuznetsov.
2:43 of 1st overtime period - Goal by Evgeny Kuznetsov - Kings : 2 - Predators : 3.
Goals for this period are 0 for Kings vs 1 for Predators.
Shots for this period are 1 for Kings vs 1 for Predators.